 Dungeon Crawl Stone Soup version 0.17-a0-1636-g3119f2b (webtiles) character file.

197 Jb9000 the Skirmisher (level 5, -9/46 HPs)
             Began as a Draconian Fighter on Aug 6, 2015.
             Mangled by Blork the orc
             ... wielding a +0 battleaxe
              (11 damage)
             ... on level 4 of the Dungeon.
             The game lasted 00:07:57 (3177 turns).

Jb9000 the Skirmisher (Draconian Fighter)           Turns: 3177, Time: 00:07:57

Health: -9/46      AC:  5    Str: 23    XL:     5   Next: 46%
Magic:  7/7        EV: 16    Int:  9    God:
Gold:   126        SH: 10    Dex: 16    Spells: 0 memorised, 7 levels left

rFire  x . .     SeeInvis .     t - +0 short sword (freeze)
rCold  + . .     Clarity  .     (armour unavailable)
rNeg   . . .     SustAt   .     b - +0 shield
rPois  +         Gourm    .     (helmet restricted)
rElec  .         Spirit   .     (no cloak)
rCorr  .         Warding  .     (no gloves)
rMut   .         Stasis   .     (no boots)
MR     .....                    (no amulet)
Stlth  +++.......               o - ring of poison resistance
                                m - ring of ice

@: mighty, agile, not resistant to hostile enchantments, fairly stealthy
A: unfitting armour, cold-blooded, AC +5
a: no special abilities


You were on level 4 of the Dungeon.
You were not hungry.

You visited 1 branch of the dungeon, and saw 4 of its levels.

You collected 126 gold pieces.

Inventory:

Hand weapons
 a - a +0 long sword
 k - a +0 falchion
 t - a +0 short sword of freezing (weapon)
 u - a +0 hand crossbow
Missiles
 h - 6 steel bolts
 j - 32 arrows
 r - 21 bolts
 w - 15 arrows of flame
Armour
 b - a +0 shield (worn)
Jewellery
 m - a ring of ice (left hand)
 o - a ring of poison resistance (right hand)
Scrolls
 e - 2 scrolls of recharging {unknown}
 f - 2 scrolls of enchant weapon {unknown}
 g - a scroll of amnesia {unknown}
 i - 2 scrolls of teleportation {unknown}
 l - a scroll of blinking {unknown}
 p - a scroll of enchant armour {unknown}
 q - 3 scrolls of identify {unknown}
 s - a scroll of magic mapping {unknown}
Potions
 c - a potion of might
 v - a potion of haste
Comestibles
 d - a bread ration


   Skills:
 + Level 4.0 Fighting
 * Level 0.4(1.5) Short Blades
 + Level 2.4(2.5) Long Blades
 * Level 0.0 Throwing
 + Level 3.1 Dodging
 * Level 2.2 Stealth
 * Level 4.0 Shields
 + Level 1.5 Spellcasting


You had 7 spell levels left.
You didn't know any spells.

Dungeon Overview and Level Annotations

Branches:
Dungeon (4/15)
 Temple: D:4-7

Altars:
Ashenzari

Annotations:
D:4 Blork the orc


Innate Abilities, Weirdness & Mutations

Your plain brown scales are hard (AC +5).
Your body does not fit into most forms of armour.
You are cold-blooded and may be slowed by cold attacks.


Message History

You feel very mighty all of a sudden.
Blork the orc hits you with a battleaxe.
* * * LOW HITPOINT WARNING * * *
Drink which item? (? for menu, Esc to quit)
It was a potion of agility.
You feel agile all of a sudden.
Blork the orc screams, "I'll eat your brain!
And then I'll vomit it back up!"
Blork the orc casts a spell at you. The magic dart hits you!
* * * LOW HITPOINT WARNING * * *
You hit Blork the orc. You freeze Blork the orc.
Blork the orc is heavily wounded.
Blork the orc screams, "I'll decorate my home with your organs!"
Blork the orc looks braver for a moment.
You closely miss Blork the orc.
Blork the orc is heavily wounded.
Blork the orc hits you with a battleaxe.
* * * LOW HITPOINT WARNING * * *
Blork the orc hits you with a battleaxe!
You die...

...# #..# .# ...# #..# .#
. ...# #..# ###.#. ...##
#..# #.... ....# #..#
#..# ....# #..#######..#
...## #...........#
...###..#.........####...
...##..#######..@...(..#
.....<# #..o........#
.....## #...........#
....## #...........##
....# #(..........# ###.#
#(...........# #.#
#...........## #.#
.....<.....## #.#


You could see Blork the orc.

Vanquished Creatures
  The ghost of Coguelin the Skirmisher, a weakling HuBe of Trog (D:3)
  A jelly (D:3)
  6 adders
  An ooze (D:3)
  3 worms
  2 giant geckos (D:3)
  7 orcs (D:3)
  A giant cockroach (D:2)
  4 hobgoblins
  8 jackals
  3 kobolds (D:3)
  3 quokkas
  5 bats
  A giant newt (D:2)
  3 rats
49 creatures vanquished.

Notes
Turn   | Place    | Note
--------------------------------------------------------------
     0 | D:1      | Jb9000 the Draconian Fighter began the quest for the Orb.
     0 | D:1      | Reached XP level 1. HP: 19/19 MP: 1/1
    88 | D:2      | Found a shattered altar of Ashenzari.
   372 | D:2      | Reached XP level 2. HP: 26/26 MP: 2/2
   727 | D:2      | Reached skill level 1 in Stealth
  1103 | D:2      | Reached XP level 3. HP: 30/33 MP: 4/4
  1611 | D:3      | Noticed Coguelin's ghost (weakling HuBe)
  1652 | D:3      | Killed Coguelin's ghost
  1652 | D:3      | Reached skill level 1 in Spellcasting
  1652 | D:3      | Reached XP level 4. HP: 8/40 MP: 5/5
  1878 | D:3      | Reached XP level 5. HP: 21/46 MP: 6/6
  2188 | D:3      | Reached skill level 4 in Fighting
  3162 | D:4      | Noticed Blork the orc
  3177 | D:4      | HP: 2/46 [Blork the orc/battleaxe (2)]
  3177 | D:4      | Mangled by Blork the orc

Vault maps used:
D:1:      lemuel_arrival_river_ford, hangedman_feature_mirror
D:2:      ashenzari_conservatory_becter, first_bread, serial_corexii_hall,
          corexii_hall_statues_u, corexii_hall_statues_u
D:4:      nicolae_overflow_crystal_walls, uniq_blork_the_orc

Action                   |  1- 3 |  4- 6 || total
-------------------------+-------+-------++-------
Melee: Long sword        |   121 |    57 ||   178
       Short sword       |       |    46 ||    46
 Fire: Hand crossbow     |       |     2 ||     2
  Use: Potion            |     2 |     2 ||     4
 Stab: Sleeping          |     2 |     2 ||     4
       Invisible         |     1 |       ||     1
  Eat: Meat ration       |     1 |       ||     1
       Bread ration      |       |     1 ||     1
       Chunk             |       |     1 ||     1
